 Dungeon Crawl Stone Soup version 0.26.1-11-gd32895ea62 (webtiles) character file.

Game seed: 27497661943392886

4 Descartes the Scratcher (level 1, 0/9 HPs)
             Began as a Felid Transmuter on May 29, 2021.
             Slain by a hobgoblin (2 damage)
             ... on level 1 of the Dungeon.
             The game lasted 00:01:04 (324 turns).

Descartes the Scratcher (Felid Transmuter)           Turns: 324, Time: 00:01:04

Health: 0/9        AC:  1    Str:  6    XL:     1   Next: 58%
Magic:  4/4        EV: 18    Int: 14    God:
Gold:   22         SH:  0    Dex: 16    Spells: 3/4 levels left
                                        Lives:  0   Deaths: 0

rFire    . . .     SeeInvis +     - Unarmed
rCold    . . .     Faith    .   (shield unavailable)
rNeg     . . .     Spirit   .   (armour unavailable)
rPois    .         Reflect  .   (helmet unavailable)
rElec    .         Harm     .   (cloak unavailable)
rCorr    .         Rampage  .   (gloves unavailable)
Will     .....                  (boots unavailable)
Stlth    ++........             g - amulet of magic regeneration
HPRegen  0.03/turn              (no ring)
MPRegen  0.34/turn              (no ring)

@: quick
A: very small, no armour, no weapons or thrown items, stealth, claws 1, fangs 3,
see invisible, speed 1, shaggy fur 1, sharp paws
a: no special abilities


You were on level 1 of the Dungeon.
You visited 1 branch of the dungeon, and saw 1 of its levels.

You collected 22 gold pieces.

Inventory:

Jewellery
 g - an amulet of magic regeneration (around neck)
Scrolls
 a - a scroll of teleportation {unknown}
 c - a scroll of immolation {unknown}
 d - a scroll of amnesia {unknown}
 e - a scroll of magic mapping {unknown}
 f - a scroll of identify {unknown}
Potions
 b - a potion of resistance {unknown}


   Skills:
 - Level 1.0 Fighting
 + Level 2.8 Dodging
 + Level 0.5 Stealth
 + Level 3.0 Unarmed Combat
 + Level 2.0 Spellcasting
 + Level 2.3 Transmutations


You had 3 spell levels left.
You knew the following spells:

 Your Spells              Type           Power        Failure   Level
a - Beastly Appendage     Tmut           14%          10%         1

Your spell library contained the following spells:

 Spells                   Type           Power        Failure   Level
 Wereblood                Tmut           7%           14%         2
 Spider Form              Tmut/Pois      2%           41%         3
 Ice Form                 Ice/Tmut       4%           82%         4
 Blade Hands              Tmut           3%           95%         5


Dungeon Overview and Level Annotations

Branches:
Dungeon (1/15)

Altars:


Innate Abilities, Weirdness & Mutations

You cannot wear armour.
You are incapable of wielding weapons or throwing items.
Your paws allow you to move quietly. (Stealth)
You have sharp claws.
You have razor-sharp teeth.
You have supernaturally acute eyesight. (SInv)
You cover ground quickly.
You are covered in fur. (AC +1)
Your sharp claws are effective at attacking unaware monsters.


Message History

2 hobgoblins come into view.
g - a dented bronze amulet You start putting on your amulet.
You continue putting on your dented bronze amulet. x5
You finish putting on your uncursed amulet of magic regeneration.
g - an amulet of magic regeneration (around neck)
A hobgoblin is nearby!
The hobgoblin shouts!
You barely miss the hobgoblin. The hobgoblin completely misses you.
The hobgoblin shouts!
You scratch the hobgoblin but do no damage.
The hobgoblin hits you.
You completely miss the hobgoblin. Your claw misses the hobgoblin.
The hobgoblin hits you.
* * * LOW HITPOINT WARNING * * *
The hobgoblin misses you.
You are too injured to fight recklessly!
You are too injured to fight recklessly!
The hobgoblin hits you.
You die...

##......#.......รท....(.#
..#.....#.......#......#
........#.....###......#
.......#.......##......#
.......#..........>....#
......#.......###......#
....##........# #......#
####..........####.#####
................@..##
.#######......gg....#
...........#........#
...................#
....##....##........# ##
##...?..#####.####
#.####.# #.# #. .. #.# #
### ...


You could see 2 hobgoblins.

Vanquished Creatures
  A hobgoblin (D:1)
  2 bats (D:1)
  A kobold (D:1)
  A rat (D:1)
5 creatures vanquished.

Notes
Turn   | Place    | Note
-------+----------+-------------------------------------------
     0 | D:1      | Descartes the Felid Transmuter began the quest for the Orb.
     0 | D:1      | Reached XP level 1. HP: 9/9 MP: 4/4
   324 | D:1      | Slain by a hobgoblin

Illustrated notes

Levels and vault maps discovered:
D:1:      dpeg_arrival_solitude, layout_rooms

Action                   || total
-------------------------++-------
Melee: Unarmed           ||    14
       Bite              ||     1
Armor: Skin              ||     1
Dodge: Dodged            ||     8
